AoeStats
← [NICE_ASS] BigMasi

Highland

504794650Analyzed
3v3 RM · 26d ago on Sep 6, 2026· 59m 54s· 6 players
Game mode
Random Map
Map size
Normal (6 player)
Population
200
Speed
Normal
Resources
Standard
Victory
Conquest
Starting age
Dark Age
Ending age
Imperial Age
RankedLock teamsTeams togetherTeam positionsShared explorationLock speedFull tech treeHidden civsTurbo modeCheats
Victory
Defeat
🇨🇳 Wei · China
1257
+15
🇧🇪 Spanish · Belgium
1247
+15
🇨🇭 Georgians · Switzerland
1212
+16
🇬🇧 Italians · United Kingdom
1273
-17
🇬🇧 Chinese · United Kingdom
1243
-16
🇬🇧 Mongols · United Kingdom
1168
-13
[NICE_ASS] BigMasi
4:08 Loom
10:43 Feudal Age
12:25 Double-Bit Axe
14:51 Castle Age
12:44 Loom
15:00 Castle Age
14:16 Horse Collar
17:08 Bow Saw
21:34 Wheelbarrow
22:14 Gold Mining
22:14 Stone Mining
24:02 Hand Cart
26:37 Town Watch
29:57 Imperial Age
28:45 Scale Barding Armor
28:50 Forging
29:59 Chain Barding Armor
30:06 Husbandry
30:17 Bloodlines
31:24 Iron Casting
31:33 Conscription
31:51 Plate Barding Armor
31:55 Iron Casting
31:59 Heavy Plow
31:42 Elite Monaspa
33:00 Siege Engineers
37:06 Blast Furnace
36:17 Capped Ram
39:29 Siege Ram
40:33 Aznauri Cavalry
42:22 Light Cavalry
44:19 Hussar
56:43 Heavy Scorpion
58:04 Caravan
Chiki_Chiki_BANGBANG
11:09 Feudal Age
13:10 Loom
22:25 Castle Age
20:50 Double-Bit Axe
21:57 Bloodlines
26:44 Wheelbarrow
27:56 Horse Collar
30:58 Hand Cart
31:18 Town Watch
32:03 Town Patrol
32:58 Bow Saw
35:55 Imperial Age
34:52 Fortified Wall
37:13 Husbandry
37:21 Heavy Plow
40:58 Two-Man Saw
39:32 Elite Skirmisher
41:45 Elite Conquistador
42:17 Capped Ram
43:46 Siege Ram
45:38 Scale Barding Armor
47:49 Conscription
47:54 Chain Barding Armor
51:17 Plate Barding Armor
50:53 Forging
50:43 Scale Mail Armor
54:35 Iron Casting
54:00 Padded Archer Armor
53:50 Fletching
58:16 Caravan
60:00 Bodkin Arrow
60:21 Leather Archer Armor
61:10 Chemistry
60:31 Ballistics
绵绵
5:57 Loom
9:15 Feudal Age
10:06 Double-Bit Axe
10:45 Horse Collar
20:03 Castle Age
19:03 Fletching
19:35 Bloodlines
19:24 Gold Mining
20:04 Scale Barding Armor
21:19 Bodkin Arrow
22:39 Husbandry
29:28 Padded Archer Armor
31:09 Leather Archer Armor
34:23 Imperial Age
32:32 Bow Saw
32:46 Heavy Plow
33:00 Stone Mining
34:22 Wheelbarrow
33:32 Town Watch
35:21 Hand Cart
35:57 Chain Barding Armor
36:23 Conscription
37:01 Gold Shaft Mining
38:20 Ming Guang Armor
38:35 Tuntian
38:21 Elite Tiger Cavalry
40:07 Forging
44:22 Caravan
45:57 Crop Rotation
46:33 Iron Casting
47:07 Bracer
48:19 Blast Furnace
50:35 Ring Archer Armor
53:18 Fortified Wall
54:10 Chemistry
53:21 Masonry
54:51 Hoardings
55:49 Coinage
57:15 Capped Ram
SmnRndm
11:57 Feudal Age
13:39 Loom
16:14 Castle Age
17:55 Double-Bit Axe
26:54 Bow Saw
27:28 Wheelbarrow
28:15 Fletching
29:36 Padded Archer Armor
30:12 Bodkin Arrow
31:48 Crossbowman
32:47 Leather Archer Armor
32:27 Horse Collar
33:37 Hand Cart
34:32 Heavy Plow
38:17 Imperial Age
35:53 Husbandry
36:03 Bloodlines
36:24 Ballistics
38:23 Elite Mangudai
39:11 Bracer
39:18 Thumb Ring
40:15 Chemistry
50:06 Drill
49:47 Capped Ram
51:31 Elite Skirmisher
51:46 Siege Ram
53:30 Conscription
55:28 Nomads
LordSandwich
8:25 Loom
10:26 Feudal Age
15:07 Wheelbarrow
18:01 Castle Age
16:14 Bloodlines
16:26 Double-Bit Axe
17:06 Scale Barding Armor
16:45 Horse Collar
19:13 Bow Saw
19:54 Husbandry
29:42 Heavy Plow
30:24 Fletching
31:17 Chain Barding Armor
32:12 Town Watch
32:43 Hand Cart
32:28 Bodkin Arrow
34:24 Gold Mining
37:18 Imperial Age
36:03 Padded Archer Armor
36:19 Pikeman
37:00 Squires
37:11 Pikeman
40:39 Chemistry
39:59 Ballistics
39:49 Bracer
39:21 Light Cavalry
41:03 Conscription
41:32 Squires
41:34 Scale Mail Armor
44:56 Two-Man Saw
52:59 Forging
56:18 Plate Barding Armor
Song Jin-Woo
0:29 Loom
11:18 Feudal Age
18:19 Castle Age
16:52 Double-Bit Axe
16:51 Horse Collar
19:35 Town Watch
20:28 Wheelbarrow
24:10 Fletching
25:34 Bodkin Arrow
28:34 Hand Cart
28:20 Town Patrol
29:15 Ballistics
29:34 Padded Archer Armor
30:40 Heavy Plow
34:41 Imperial Age
32:28 Leather Archer Armor
33:01 Bow Saw
33:39 Fortified Wall
33:39 Great Wall
35:42 Caravan
35:08 Elite Chu Ko Nu
35:50 Bracer
36:32 Conscription
36:16 Scale Mail Armor
37:18 Gold Mining
38:41 Ring Archer Armor
37:40 Pikeman
38:21 Squires
38:07 Arson
38:40 Chain Mail Armor
40:14 Chemistry
43:01 Plate Mail Armor
41:52 Halberdier
43:35 Forging
47:05 Iron Casting
49:18 Blast Furnace
Connection lost

Rejoining the realm…

Still unreachable

The connection could not be restored.

Session expired

The server has moved on; the page needs a fresh start.